 Dungeon Crawl Stone Soup version 0.30-a0-571-gdf30a72648 (webtiles) character file.

Game seed: 9216666473163907539

5252 bmack86 the Cleaver (level 10, 0/88 HPs)
             Began as a Minotaur Fighter on Dec 29, 2022.
             Slain by a manticore (9 damage)
             ... on level 9 of the Dungeon.
             The game lasted 00:26:49 (8051 turns).

bmack86 the Cleaver (Minotaur Fighter)              Turns: 8051, Time: 00:26:50

Health: 0/88       AC: 17    Str: 25    XL:     10   Next: 36%
Magic:  9/9        EV: 13    Int:  5    God:
Gold:   433        SH:  5    Dex: 10    Spells: 9/9 levels left

rFire   . . .      SeeInvis .    F - +3 war axe
rCold   . . .      Faith    .    c - +0 buckler
rNeg    . . .      Spirit   .    C - +0 chain mail
rPois   .          Reflect  .    (helmet restricted)
rElec   .          Harm     .    H - +0 cloak
rCorr   .          Rampage  .    (no gloves)
Will    .....                    t - +0 pair of boots Stlth
                                 (no amulet)
HPRegen 0.34/turn                m - +5 ring of evasion
MPRegen 0.11/turn                s - +4 ring of protection

@: no status effects
A: horns 2, retaliatory headbutt
a: no special abilities


You were on level 9 of the Dungeon.
You visited 2 branches of the dungeon, and saw 10 of its levels.
You also visited: Sewer.

You collected 491 gold pieces.
You spent 58 gold pieces at shops.

Inventory:

Hand Weapons
 a - a +1 war axe
 F - a +3 war axe (weapon)
Missiles
 n - 17 poisoned darts (quivered)
 L - a throwing net
Armour
 b - a +0 scale mail
 c - a +0 buckler (worn)
 t - a +0 pair of boots (worn)
 C - a +0 chain mail (worn)
 H - a +0 cloak (worn)
Jewellery
 h - a ring of magical power
 i - a +6 ring of strength
 m - a +5 ring of evasion (left hand)
 q - a ring of positive energy
 s - a +4 ring of protection (right hand)
 v - a ring of flight
 z - the ring of Kinaf {rElec Str-5 SInv Stlth+}
   (You found it in a sewer)

   [ring of see invisible]

   Str:       It affects your strength (-5).
   rElec:     It insulates you from electricity.
   SInv:      It lets you see invisible.
   Stlth:     It makes you more stealthy.
 E - a ring of protection from cold
 J - a ring of protection from fire
Wands
 f - a wand of acid (8)
 r - a wand of iceblast (6)
 I - a wand of flame (20)
Scrolls
 e - 2 scrolls of enchant weapon
 o - 2 scrolls of noise {unknown}
 p - a scroll of magic mapping {unknown}
 w - a scroll of brand weapon {unknown}
 x - a scroll of fear
 y - 3 scrolls of teleportation
 D - a scroll of amnesia
 G - a scroll of enchant armour {unknown}
 M - 2 scrolls of blinking
Potions
 d - a potion of attraction
 g - 2 potions of curing
 j - 3 potions of haste
 k - 4 potions of flight
 l - 2 potions of degeneration
 u - 3 potions of invisibility
 A - 2 potions of cancellation
 B - 3 potions of mutation
 N - a potion of magic


   Skills:
 + Level 8.3 Fighting
 * Level 11.1 Axes
 + Level 5.9 Throwing
 + Level 8.4 Armour
 + Level 8.4 Shields


You had 9 spell levels left.
You didn't know any spells.
Your spell library contained the following spells:

 Spells                   Type           Power      Damage    Failure   Level
 Freeze                   Ice            0%         1d3       98%         1
 Magic Dart               Conj           0%         1d3       98%         1
 Necrotise                Necr           0%         1d4       98%         1
 Summon Small Mammal      Summ           0%         N/A       98%         1
 Vampiric Draining        Necr           0%         2d6       100%        3
 Agony                    Necr           0%         N/A       100%        5


Dungeon Overview and Level Annotations

Branches:
Dungeon (9/15)             Temple (1/1) D:6           Sewer (visited)
   Lair: D:8-11         Orc: D:9-12

Altars:
Ashenzari
Cheibriados
Dithmenos
Elyvilon
Fedhas
Gozag
Hepliaklqana
Kikubaaqudgha
Makhleb
Nemelex Xobeh
Qazlal
Ru
Sif Muna
Trog
Uskayaw
Vehumet
Wu Jian
Xom
Yredelemnul
Zin
The Shining One

Shops:
D:1 [[:(:


Innate Abilities, Weirdness & Mutations

You have a pair of horns on your head.
You reflexively headbutt those who attack you in melee.


Message History

You feel yourself speed up.
The hornet stings you but does no damage.
You block the hornet's attack.
The orc warrior hits you with a +0 dire flail.
The manticore bites you!
The manticore claws you but does no damage.
The manticore barely misses you. The orc wizard closely misses you.
The orc warrior closely misses you. The manticore bites you!
The manticore claws you but does no damage.
You block the manticore's attack. The orc wizard barely misses you.
The orc wizard gestures wildly while chanting.
The orc wizard flickers and vanishes!
You block the hornet's attack.
You hit the hornet but do no damage. Your headbutt misses the hornet.
The hornet is almost dead.
You slash the orc wizard! You hit the orc warrior. You slash something!
Reactivating autopickup.
You feel a bit more experienced.
You hit the manticore.
The hornet stings you but does no damage.
The manticore bites you!
* * * LOW HITPOINT WARNING * * *
The manticore misses you. The manticore closely misses you.
The orc wizard points at you and mumbles some strange words.
The magic dart hits you but does no damage.
The orc warrior hits you with a +0 dire flail.
* * * LOW HITPOINT WARNING * * *
You slash the hornet!
You kill the hornet!
You hit the manticore. You miss the orc wizard.
You hit the orc warrior but do no damage.
You miss something.
The orc wizard points at you and mumbles some strange words.
The magic dart hits you!
* * * LOW HITPOINT WARNING * * *
The orc warrior hits you but does no damage.
Something hits you but does no damage.
Deactivating autopickup; reactivate with Ctrl-A.
The manticore closely misses you. The manticore claws you.
* * * LOW HITPOINT WARNING * * *
The manticore claws you!
You die...

##########..)..#
...#####.....####
............>....
##.#####.<...#######
#............
#.###..###### #.#
#..#... #
#.###oo#H##...#
#.#...o@.......
.......#)####..##
.......#...
....o..##### ......#
...... ###.#. #.#.


You could see a manticore, an orc warrior, an orc wizard and an orc.

Vanquished Creatures
  Amaemon (D:8)
  Pikel (D:6)
  An orange demon (D:8)
  A hornet (D:9)
  2 wyverns
  A wraith (D:7)
  Menkaure (D:6)
  A water moccasin (D:6)
  A black bear (D:6)
  3 orc warriors
  3 sky beasts
  2 ice beasts
  2 ogres (D:4)
  A centaur (D:8)
  A lemure (D:6)
  A phantom (D:5)
  A kobold brigand (D:8)
  3 bullfrogs
  4 scorpions
  A necrophage (D:6)
  7 wights
  4 killer bees (D:8)
  A howler monkey (D:8)
  5 orc priests
  3 hounds
  A gnoll bouda (D:8)
  Terence (D:3)
  2 iguanas
  11 orc wizards
  12 gnolls
  9 adders
  2 shadow imps
  4 worms
  5 dart slugs
  33 orcs
  5 bats
  12 endoplasms
  12 giant cockroaches
  6 goblins
  9 hobgoblins
  7 jackals
  15 kobolds
  11 quokkas
  12 ball pythons
  8 frilled lizards
  4 rats (D:3)
233 creatures vanquished.

Notes
Turn   | Place    | Note
-------+----------+-------------------------------------------
     0 | D:1      | bmack86 the Minotaur Fighter began the quest for the Orb.
     0 | D:1      | Reached XP level 1. HP: 19/19 MP: 0/0
    52 | D:1      | Found Qerruim's Vocational Training.
   123 | D:1      | Found Uzunes's Weapon Shoppe.
   156 | D:1      | Reached XP level 2. HP: 27/27 MP: 1/1
   241 | D:1      | Found Roann's Armour Emporium.
   433 | D:1      | Reached skill level 3 in Axes
   498 | D:1      | Found a faded altar of an unknown god.
   935 | D:1      | Found Tyumeokk's Book Shoppe.
   995 | D:1      | Found Jyliasiosa's Antique Armour Boutique.
   997 | D:1      | Reached XP level 3. HP: 33/33 MP: 2/2
  1197 | D:2      | Reached XP level 4. HP: 14/40 MP: 3/3
  1318 | D:2      | Reached skill level 1 in Throwing
  1426 | D:2      | Reached skill level 4 in Axes
  1467 | D:2      | Found a burning altar of Makhleb.
  1737 | D:1      | Bought a +0 pair of boots for 58 gold pieces
  1860 | D:3      | Noticed Terence
  1870 | D:3      | Killed Terence
  1871 | D:3      | Reached XP level 5. HP: 46/46 MP: 4/4
  1884 | D:3      | Found a large runed translucent door.
  1889 | D:3      | Found a large runed translucent door.
  2193 | D:3      | Found a glowing drain.
  2209 | Sewer    | Entered a sewer
  2450 | Sewer    | Identified the ring of Kinaf {rElec Str-5 SInv Stlth+}
  2459 | Sewer    | Reached skill level 5 in Axes
  2459 | Sewer    | Reached XP level 6. HP: 42/53 MP: 5/5
  2647 | D:3      | Found a glowing golden altar of the Shining One.
  2835 | D:3      | Found an opulent altar of Gozag.
  2855 | D:3      | Found a hide-covered altar of Uskayaw.
  2999 | D:4      | Got Willworking 101
  3235 | D:4      | Reached skill level 5 in Fighting
  3235 | D:4      | Reached skill level 5 in Shields
  3284 | D:4      | Reached skill level 5 in Armour
  3412 | D:4      | Found a snail-covered altar of Cheibriados.
  3469 | D:4      | Reached skill level 6 in Axes
  3469 | D:4      | Reached XP level 7. HP: 41/61 MP: 6/6
  3722 | D:4      | Found a sparkling altar of Nemelex Xobeh.
  4027 | D:5      | Entered Level 5 of the Dungeon
  4559 | D:5      | Found an ornate altar of the Wu Jian Council.
  4565 | D:5      | Noticed a spectral centipede
  4565 | D:5      | Noticed a spectral black mamba
  4565 | D:5      | Noticed a spectral cane toad
  4644 | D:6      | Found a burning altar of Makhleb.
  4653 | D:6      | Reached skill level 7 in Axes
  4672 | D:6      | Reached XP level 8. HP: 70/70 MP: 7/7
  4683 | D:6      | Found a shimmering altar of Xom.
  4796 | D:6      | Found a staircase to the Ecumenical Temple.
  4803 | Temple   | Entered the Ecumenical Temple
  5381 | D:6      | Noticed Pikel
  5397 | D:6      | Killed Pikel
  5398 | D:6      | Reached skill level 8 in Axes
  5543 | D:6      | Noticed Menkaure
  5549 | D:6      | Killed Menkaure
  5586 | D:6      | Reached XP level 9. HP: 76/78 MP: 8/8
  5843 | D:7      | Reached skill level 9 in Axes
  6299 | D:7      | Found a radiant altar of Vehumet.
  6564 | D:8      | Reached skill level 5 in Throwing
  6587 | D:8      | Reached skill level 10 in Axes
  7111 | D:8      | Noticed Amaemon
  7111 | D:8      | Noticed an orange demon
  7127 | D:8      | Killed Amaemon
  7128 | D:8      | Reached XP level 10. HP: 24/88 MP: 9/9
  7135 | D:8      | Killed an orange demon
  7425 | D:8      | Reached skill level 11 in Axes
  8043 | D:9      | Noticed a manticore
  8051 | D:9      | Slain by a manticore

Illustrated notes

Levels and vault maps discovered:
D:1:      dpeg_arrival_morbid_curiosity, layout_basic, serial_shops,
          nicolae_shop_waterfront, shop, shop, shop, basic_ecumenical_altar,
          st_stairs_10, nicolae_shop_vocational
D:2:      layout_rooms, basic_altar
D:3:      layout_rooms, jmf_multi_god_temple2, nicolae_tso_swordbearing_angel,
          gup_sewer_entry_bubbles, uniq_terence
D:4:      layout_basic, nemelex_diamond_rough_becter, kennysheep_slug_shrine,
          serial_rivers, chequers_serial_rivers_room_b,
          chequers_serial_rivers_micro_a, chequers_serial_rivers_small_b,
          chequers_serial_rivers_micro_e, chequers_serial_rivers_micro_e,
          chequers_serial_rivers_micro_d
D:5:      layout_rooms, pdpol_wu_jian_five_deadly_venoms
D:6:      layout_loops_corners, mainiacjoe_overflow_boulevard,
          mainiacjoe_overflow_concentric_impassable,
          minmay_temple_entry_drinking_statues, uniq_menkaure, uniq_pikel
D:7:      layout_rooms, mainiacjoe_overflow_six_doors_small
D:8:      layout_basic, uniq_amaemon
D:9:      layout_basic, kennysheep_okawaru_gauntlet, serial_shops, shop,
          uniq_psyche
Temple:   minmay_temple_bridge_abc

Skill      XL: |  1  2  3  4  5  6  7  8  9 10 |
---------------+-------------------------------+-----
Axes           | 3 4 5 6 7 8 10 11 | 11.1
Armour         | 4 5 6 8 |  8.4
Fighting       | 4 5 6 8 |  8.3
Shields        | 4 5 6 8 |  8.4
Throwing       | 1 2 3 4 5 |  5.9

Action                   |  1- 3 |  4- 6 |  7- 9 | 10-12 || total
-------------------------+-------+-------+-------+-------++-------
Melee: War axe           |    53 |   215 |   259 |    55 ||   582
       Headbutt          |    10 |    20 |    41 |     9 ||    80
Throw: Dart              |       |     3 |     2 |       ||     5
  Use: Scroll            |     4 |     3 |     6 |     3 ||    16
       Potion            |     1 |     1 |     2 |     1 ||     5
Armor: Scale mail        |    25 |   137 |    30 |       ||   192
       Chain mail        |       |       |   141 |    45 ||   186
Dodge: Dodged            |    50 |   164 |   216 |    54 ||   484
Block: Buckler           |    16 |    61 |    78 |    26 ||   181

Table legend: (Time is in decaauts)
 A = Elapsed time spent in this place.
 B = Non-inter-level travel time spent in this place.
 C = Inter-level travel time spent in this place.
 D = Time resting spent in this place.
 E = Time spent auto-exploring this place.
 F = Levels seen in this place.
 G = Mean time per level.
                   A        B        C        D        E       F      G
               +--------+--------+--------+--------+--------+-----+--------+
         Total |   8164 |   7927 |    237 |    422 |   4337 |  11 |  742.2 |
       Dungeon |   7669 |   7432 |    237 |    422 |   4170 |   9 |  852.1 |
        Temple |    209 |    209 |      0 |      0 |    167 |   1 |  209.0 |
         Sewer |    284 |    284 |      0 |      0 |      0 |   1 |  284.0 |
               +--------+--------+--------+--------+--------+-----+--------+

Top non-repeatable levels by time:
     D:8: 1256 daAuts
     D:1: 1236 daAuts
     D:4: 1084 daAuts
     D:6: 1019 daAuts
     D:7: 917 daAuts
     D:3: 909 daAuts
     D:2: 579 daAuts
     D:5: 562 daAuts
   Sewer: 284 daAuts
  Temple: 209 daAuts
     D:9: 103 daAuts
